 Dungeon Crawl Stone Soup version 0.30-b1-2-g02819fbbbe (webtiles) character file.

Game seed: 6787870526351365645

13593 Borgoz the Basher (level 12, -1/77 HPs)
             Began as a Gargoyle Berserker on June 16, 2023.
             Was an Elder of Trog.
             Slain by Borgoz's ghost (8 damage)
             ... on level 11 of the Dungeon.
             The game lasted 00:19:27 (10872 turns).

Borgoz the Basher (Gargoyle Berserker)             Turns: 10872, Time: 00:19:27

Health: -1/77      AC: 25    Str: 23    XL:     12   Next: 7%
Magic:  12/12      EV: 14    Int:  9    God:    Trog [****..]
Gold:   446        SH:  4    Dex: 15    Spells: 11/11 levels left

rFire   . . .        E - +4 flail (venom)
rCold   + + .        H - +0 buckler
rNeg    + + .        C - +3 ring mail of Parlour Games {rC+ rN+ Dex+4}
rPois   ∞            A - +2 hat
rElec   +            r - +0 cloak
rCorr   .            y - +0 pair of gloves
SInv    .            B - +0 pair of boots {Stlth+}
Will    +++..        (no amulet)
Stlth   +++          q - ring of willpower
HPRegen 1.32/turn    a - ring of protection from cold
MPRegen 0.13/turn

%: no passive effects
@: strong-willed, on berserk cooldown, regenerating, slowed, very slow
A: sickness immunity, AC +8, negative energy resistance 1, electricity
resistance, torment resistance 1, petrification resistance
a: Renounce Religion, Berserk, Trog's Hand, Brothers in Arms


You were on level 11 of the Dungeon.
You worshipped Trog.
Trog was greatly pleased with you.
You visited 2 branches of the dungeon, and saw 12 of its levels.

You collected 626 gold pieces.
You spent 180 gold pieces at shops.

Inventory:

Hand Weapons
 e - the +7 mace of Variability {chaos, chaos arc}
   (You found it on level 8 of the Dungeon)
 E - a +4 flail of venom (weapon)
 F - a +0 dire flail
Missiles
 p - 45 poisoned darts (quivered)
 t - a curare-tipped dart
 J - a throwing net
Armour
 r - a +0 cloak (worn)
 x - the +0 leather armour of Evolution {rC+}
   (You found it on level 3 of the Dungeon)

   rC:        It protects you from cold.
 y - a +0 pair of gloves (worn)
 A - a +2 hat (worn)
 B - a +0 pair of boots of stealth (worn)
 C - the +3 ring mail of Parlour Games (worn) {rC+ rN+ Dex+4}
   (You found it on level 10 of the Dungeon)

   Dex:       It affects your dexterity (+4).
   rC:        It protects you from cold.
   rN:        It protects you from negative energy.
 H - a +0 buckler (worn)
 I - a +0 troll leather armour
Jewellery
 a - a ring of protection from cold (right hand)
 q - a ring of willpower (left hand)
Wands
 k - a wand of light (10)
 m - a wand of flame (44)
 z - a wand of iceblast (6)
 G - a wand of mindburst (8)
Scrolls
 c - 3 scrolls of teleportation
 d - 2 scrolls of poison
 h - a scroll of butterflies
 j - a scroll of magic mapping
 s - 2 scrolls of fog
 u - a scroll of identify
Potions
 b - 2 potions of lignification {unknown}
 f - a potion of brilliance {unknown}
 g - a potion of berserk rage
 i - 2 potions of cancellation {unknown}
 l - a potion of flight {unknown}
 n - a potion of heal wounds {unknown}
 o - 3 potions of attraction
 v - a potion of resistance {unknown}
 w - 2 potions of mutation
 D - 2 potions of curing


   Skills:
 * Level 9.9 Fighting
 * Level 11.7 Maces & Flails
 + Level 2.2 Throwing
 * Level 9.5 Armour
 * Level 7.3 Dodging
 + Level 2.8 Stealth
 + Level 2.0 Shields
 + Level 2.2 Evocations


You had 11 spell levels left.
You didn't know any spells.
Your spell library was empty.

Dungeon Overview and Level Annotations

Branches:
Dungeon (11/15)            Temple (1/1) D:7            Lair (0/5) D:9
    Orc (0/2) D:9

Altars:
Ashenzari
Cheibriados
Dithmenos
Elyvilon
Fedhas
Gozag
Hepliaklqana
Kikubaaqudgha
Makhleb
Nemelex Xobeh
Okawaru
Qazlal
Ru
Sif Muna
Trog
Uskayaw
Vehumet
Wu Jian
Xom
Yredelemnul
Zin
The Shining One

Shops:
D:3 (   D:8 (   D:11 ?

Annotations:
D:11 Borgoz's ghost, journeyman GrBe


Innate Abilities, Weirdness & Mutations

You are immune to sickness and miasma.
Your stone body is resilient. (AC +8)
You are immune to poison.
You resist negative energy. (rN+)
You are resistant to electric shocks. (rElec)
You are resistant to unholy torment.
You are immune to petrification.


Message History

You block the wraith's attack.
Your Shields skill increases to level 2!
The barbs in your skin will harm you if you move.
Continue? [Y]es or [N]o only, please.
The barbs in your skin will harm you if you move.
Continue? [Y]es or [N]o only, please.
The barbs in your skin will harm you if you move.
Continue? [Y]es or [N]o only, please.
The barbs in your skin will harm you if you move.
Continue?
Okay, then.
You closely miss Borgoz's ghost.
Borgoz's ghost is moderately damaged.
The boulder beetle stops rolling and uncurls.
Your ogre misses Borgoz's ghost. You sock Borgoz's ghost!
Borgoz's ghost is heavily damaged.
You are no longer berserk.
You are exhausted.
You feel yourself slow down. The wraith hits you but does no damage.
Something completely misses you. Something bites you but does no damage.
Borgoz's ghost hits you!
You hit the wraith but do no damage.
You carefully extract the barbed spikes from your body.
Your ogre hits Borgoz's ghost with a +0 giant club!!
The boulder beetle curls into a ball and begins rolling!
Borgoz's ghost hits you.
* * * LOW HITPOINT WARNING * * *
You block something's attack. Something bites you but does no damage.
The wraith closely misses you.
The boulder beetle stops rolling and uncurls.
Your ogre closely misses Borgoz's ghost.
Okay, then.
Your skin crawls.
You feel strong-willed. Something hits you but does no damage.
Something bites you but does no damage. Borgoz's ghost hits you!!
* * * LOW HITPOINT WARNING * * *
The wraith misses you.
Your ogre misses Borgoz's ghost. Borgoz's ghost hits you!
You die...

####...###......# ##.....#..
#............# ##.........
##.######....#######..........
#..# ####......##..........
####.## #.####.............
.....# #####.#................
.##### #.......####........... ##
#......{...............
###########.....@O......#........
.[...........###BW'###..######)##
##.########..#..W....#..# #.# #.#
#####..#.......#..# #.#
#.####......#.#...#.#..# #.#
#...##.###..#..#.#..#..# #.#
##..##.###..#.#...#.#..######.#
###....(##...#..$=$..#......##.#
...∩....[....#.......#..###.##.#


You could see a boulder beetle, a wraith, Borgoz's ghost (ally target) and a
friendly ogre (summoned, berserk).

Vanquished Creatures
  A wizard (D:9)
  A rime drake (D:9)
  Psyche (D:9)
  3 kobold demonologists
  4 trolls
  Prince Ribbit (D:5)
  A hornet (D:8)
  2 centaur simulacra (D:10)
  3 wraiths
  21 yaks
  A vampire mosquito (D:11)
  Edmund (D:5)
  A steam dragon (D:8)
  2 chaos spawn (D:8)
  2 acid dragons (D:10)
  A water moccasin (D:6)
  6 ice beasts
  2 black bears (D:4)
  3 orc warriors
  A sky beast (D:8)
  An ogre (D:5)
  2 wolves (D:9)
  5 centaurs
  2 phantoms
  3 kobold brigands
  4 bullfrogs
  2 scorpions
  4 wights (D:8)
  9 killer bees
  7 howler monkeys
  A jelly (D:6)
  A hound (D:5)
  6 orc priests
  Crazy Yiuf (D:2)
  3 iguanas
  A sleepcap (D:6)
  4 orc wizards
  3 gnolls (D:5)
  7 adders
  An ufetubus (D:5)
  4 dart slugs
  34 orcs
  4 ball pythons
  5 bats
  12 endoplasms
  2 giant cockroaches
  7 goblins
  9 hobgoblins
  A jackal (D:3)
  33 kobolds
  2 quokkas (D:2)
  6 frilled lizards
  3 rats
247 creatures vanquished.

Vanquished Creatures (collateral kills)
  A two-headed ogre (D:10)
  A boulder beetle (D:11)
  2 wraiths
  2 vampire mosquitoes (D:11)
  An acid dragon (D:10)
7 creatures vanquished.

Vanquished Creatures (others)
  A vampire (D:10)
1 creature vanquished.

Grand Total: 255 creatures vanquished

Notes
Turn   | Place    | Note
-------+----------+-------------------------------------------
     0 | D:1      | Borgoz the Gargoyle Berserker began the quest for the Orb.
     0 | D:1      | Reached XP level 1. HP: 14/14 MP: 1/1
   257 | D:1      | Reached XP level 2. HP: 19/19 MP: 2/2
   702 | D:2      | Reached XP level 3. HP: 23/23 MP: 3/3
   824 | D:2      | Found a runed translucent door.
   825 | D:2      | Noticed Crazy Yiuf
  1010 | D:2      | Reached ** piety under Trog
  1283 | D:2      | Reached XP level 4. HP: 29/29 MP: 4/4
  1603 | D:2      | Killed Crazy Yiuf
  1604 | D:2      | Reached skill level 4 in Maces & Flails
  1709 | D:3      | Reached XP level 5. HP: 21/33 MP: 5/5
  1813 | D:3      | Found a shadowy altar of Dithmenos.
  1954 | D:3      | Identified the +0 leather armour of Evolution {rC+}
  2516 | D:3      | Found Quxecetu's Antique Weapon Boutique.
  2646 | D:4      | Reached XP level 6. HP: 38/38 MP: 6/6
  2745 | D:4      | Found a radiant altar of Vehumet.
  2873 | D:4      | Noticed a black bear
  2880 | D:4      | Killed a black bear
  2881 | D:4      | Reached skill level 5 in Maces & Flails
  2914 | D:4      | Found a bloodstained altar of Trog.
  2956 | D:4      | Found a sacrificial altar of Ru.
  3300 | D:4      | Found a white marble altar of Elyvilon.
  3353 | D:4      | Noticed a black bear
  3358 | D:4      | Killed a black bear
  3359 | D:4      | Reached XP level 7. HP: 44/44 MP: 7/7
  3501 | D:5      | Entered Level 5 of the Dungeon
  3501 | D:5      | Noticed Prince Ribbit
  3512 | D:5      | Killed Prince Ribbit
  3513 | D:5      | Reached skill level 5 in Fighting
  3513 | D:5      | Reached skill level 6 in Maces & Flails
  3519 | D:5      | Reached *** piety under Trog
  3520 | D:5      | Reached XP level 8. HP: 36/49 MP: 8/8
  3711 | D:5      | Noticed Edmund
  3732 | D:5      | Killed Edmund
  3733 | D:5      | Reached skill level 5 in Armour
  4041 | D:5      | Reached skill level 7 in Maces & Flails
  4673 | D:6      | Found a broken altar of Ashenzari.
  4704 | D:6      | Reached XP level 9. HP: 43/55 MP: 9/9
  5093 | D:6      | Reached skill level 8 in Maces & Flails
  5167 | D:6      | Found a basalt altar of Yredelemnul.
  5458 | D:7      | Reached **** piety under Trog
  5688 | D:7      | Found a staircase to the Ecumenical Temple.
  5714 | Temple   | Entered the Ecumenical Temple
  6249 | D:7      | Found a hazy altar of Hepliaklqana.
  6475 | D:8      | Found the +7 mace of Variability {chaos, chaos arc}
  6477 | D:8      | Reached skill level 5 in Dodging
  6507 | D:8      | Found a shimmering altar of Xom.
  6517 | D:8      | Found Gofrucoceps's Antique Weapon Emporium.
  6838 | D:8      | Noticed a hornet
  6845 | D:8      | Killed a hornet
  6846 | D:8      | Reached skill level 9 in Maces & Flails
  6868 | D:8      | Reached XP level 10. HP: 26/63 MP: 10/10
  7491 | D:8      | Found an opulent altar of Gozag.
  7617 | D:8      | Bought a glowing great sword for 180 gold pieces
  7860 | D:9      | Noticed a wizard
  7885 | D:9      | Killed a wizard
  7886 | D:9      | Reached skill level 10 in Maces & Flails
  7988 | D:9      | Found a staircase to the Lair.
  8063 | D:9      | You fall into a shaft and drop 2 floors!
  8063 | D:11     | Found a shimmering altar of Xom.
  8063 | D:11     | Found a shimmering altar of Xom.
  8063 | D:11     | Found a shimmering altar of Xom.
  8063 | D:11     | Found a shimmering altar of Xom.
  8063 | D:11     | Found a shimmering altar of Xom.
  8076 | D:11     | Found a shimmering altar of Xom.
  8182 | D:10     | Entered Level 10 of the Dungeon
  8346 | D:10     | Reached ***** piety under Trog
  8391 | D:10     | Reached XP level 11. HP: 59/69 MP: 11/11
  8540 | D:10     | Reached skill level 11 in Maces & Flails
  9078 | D:10     | Identified the +3 ring mail of Parlour Games {rC+ rN+
                  | Dex+4}
  9129 | D:10     | Noticed a two-headed ogre
  9140 | D:10     | Reached skill level 1 in Stealth
  9143 | D:10     | Killed a two-headed ogre
  9144 | D:10     | Reached skill level 1 in Evocations
  9145 | D:10     | Reached skill level 1 in Throwing
  9151 | D:10     | HP: 3/71 [troll (14)]
  9869 | D:9      | Noticed Psyche
  9880 | D:9      | Killed Psyche
 10065 | D:9      | Found a staircase to the Orcish Mines.
 10400 | D:11     | Found a runed translucent gate.
 10400 | D:11     | Found a runed translucent gate.
 10402 | D:11     | Noticed a boulder beetle
 10403 | D:11     | Found a runed translucent gate.
 10404 | D:11     | Noticed Borgoz's ghost (journeyman GrBe)
 10422 | D:11     | Found Zeggotop's Magic Scroll Shop.
 10496 | D:11     | Found a shimmering altar of Xom.
 10513 | D:11     | Noticed a boulder beetle
 10532 | D:11     | Reached skill level 1 in Shields
 10541 | D:11     | Killed a boulder beetle
 10791 | D:11     | Reached XP level 12. HP: 73/77 MP: 12/12
 10872 | D:11     | Slain by Borgoz's ghost

Illustrated notes

Levels and vault maps discovered:
D:1:      dpeg_arrival_castle, layout_loops_cross
D:2:      layout_basic, uniq_crazy_yiuf_cottage
D:3:      layout_loops_cross, grunt_dithmenos_smoke, serial_shops,
          nicolae_shop_tiny_statue_garden, minmay_pentangle
D:4:      layout_basic, nicolae_ru_awakened_eye, fiery_altar_vehumet,
          trog_butcher_becter, elyvilon_altar_5
D:5:      layout_layer_cave, st_stairs_7, uniq_prince_ribbit1, uniq_edmund
D:6:      layout_basic, mainiacjoe_overflow_boulevard,
          mainiacjoe_overflow_small_starburst
D:7:      layout_basic, worldfamousw_hep_ancestral_shrine, temple_fountains
D:8:      layout_cave_pods, mainiacjoe_overflow_alcove_2, serial_shops, shop,
          minmay_misc_feat_square, minmay_guarded_unrand_variability
D:9:      layout_irregular_city, hellmonk_lair_entry_icy, orc_0_dummy,
          grunt_ministairs_2, uniq_psyche
D:10:     cheibrodos_barr_body, layout_loops_ring
D:11:     layout_rooms, gammafunk_ghost_split, serial_shops,
          nicolae_square_shop, xom_shifter_show
Temple:   cyrus_circular_temple

Skill      XL: |  1  2  3  4  5  6  7  8  9 10 11 12 |
---------------+-------------------------------------+-----
Dodging        | 2 3 4 5 6 7 |  7.3
Maces & Flails | 4 5 6 7 9 10 11 | 11.7
Armour         | 3 4 5 7 8 9 |  9.5
Fighting       | 4 5 6 7 8 9 |  9.9
Stealth        | 2 |  2.8
Evocations     | 2 |  2.2
Throwing       | 2 |  2.2
Shields        | 1 2 |  2.0

Action                     |  1- 3 |  4- 6 |  7- 9 | 10-12 || total
---------------------------+-------+-------+-------+-------++-------
  Melee: Mace              |    79 |   142 |       |       ||   221
         Punch             |       |     2 |     1 |     4 ||     7
         Flail             |       |    39 |   225 |   404 ||   668
 Invoke: Berserk           |       |     4 |     3 |     3 ||    10
         Trog's Hand       |       |       |     1 |     4 ||     5
         Brothers in Arms  |       |       |       |     3 ||     3
  Evoke: Wand              |       |       |     9 |       ||     9
    Use: Scroll            |       |     5 |    15 |     3 ||    23
         Potion            |       |       |       |     3 ||     3
   Stab: Sleeping          |     1 |       |       |     2 ||     3
         Invisible         |       |       |       |     1 ||     1
 Armour: Animal skin       |    26 |    18 |       |       ||    44
         Leather armour    |       |    63 |   128 |   157 ||   348
         Ring mail         |       |     5 |       |   105 ||   110
  Dodge: Dodged            |    52 |   117 |   162 |   281 ||   612
  Block: Buckler           |       |       |       |    26 ||    26
